 Dungeon Crawl Stone Soup version 0.16-a0-1982-g8124c91 (webtiles) character file.

65 patman the Chopper (level 3, 0/29 HPs)
             Began as a Mummy Chaos Knight on Nov 8, 2014.
             Was a Plaything of Xom.
             Slain by a black bear (5 damage)
             ... on level 2 of the Dungeon.
             The game lasted 00:03:38 (1029 turns).

patman the Chopper (Mummy Chaos Knight)             Turns: 1029, Time: 00:03:38

Health: 0/29       AC:  6    Str: 15    XL:     3   Next: 92%
Magic:  3/3        EV: 10    Int: 11    God:    Xom
Gold:   68         SH:  0    Dex: 12    Spells: 0 memorised, 2 levels left

rFire  x . .     SeeInvis .     h - +0 hand axe
rCold  + . .     Clarity  .     b - +2 leather armour
rNeg   + + +     SustAb   .     (no shield)
rPois  +         Gourm    .     (no helmet)
rElec  .         Spirit   .     (no cloak)
rCorr  .         Warding  .     f - +0 pair of gloves
rMut   .         Stasis   .     (no boots)
MR     .....                    (no amulet)
Stlth  +.........               (no ring)
                                (no ring)

@: very slightly contaminated, hasted and slowed, invisible, not resistant to
hostile enchantments, very unstealthy
A: no food or potions, fire vulnerability, restore body, cold resistance 1,
negative energy resistance 3, poison resistance, torment resistance, unbreathing
a: Renounce Religion


You were on level 2 of the Dungeon.
You worshipped Xom.
You were a very special plaything of Xom.
You were not hungry.

You visited 1 branch of the dungeon, and saw 2 of its levels.

You collected 68 gold pieces.

Inventory:

Hand weapons
 a - a +0 hand axe of chaos
 h - a +0 hand axe (weapon)
Missiles
 g - 34 stones (quivered)
Armour
 b - a +2 leather armour (worn)
 f - a +0 pair of gloves (worn)
 j - a +0 scale mail
Jewellery
 n - an uncursed ring of wizardry {unknown}
Scrolls
 c - a scroll of identify {unknown}
 d - a scroll of remove curse {unknown}
 e - 2 scrolls of immolation {unknown}
 i - a scroll of magic mapping {unknown}
 k - a scroll of fear {unknown}
 l - a scroll of enchant armour {unknown}
 m - a scroll of amnesia {unknown}


   Skills:
 - Level 3.0 Fighting
 * Level 4.0 Axes
 - Level 1.5 Armour
 - Level 0.7 Dodging


You had 2 spell levels left.
You didn't know any spells.

Dungeon Overview and Level Annotations

Branches:
Dungeon (2/15)

Altars:
Xom


Innate Abilities, Weirdness & Mutations

You do not eat or drink.
Your flesh is vulnerable to fire.
Your flesh is cold resistant.
You are immune to negative energy.
Your system is resistant to poisons.
You are immune to unholy pain and torment.
You can survive without breathing.


Message History

The worm is engulfed in seething chaos.
The worm glows pale marigold for a moment.
You can move again.
The helpless worm fails to defend itself.
You hit the worm.
The worm is heavily wounded.
The worm is engulfed in seething chaos.
The worm evaporates and reforms as a black bear!
Xom is highly amused!
The black bear bites you. The black bear closely misses you.
The black bear claws you.
* * * LOW HITPOINT WARNING * * *
You hit the black bear.
The black bear is moderately wounded.
You feel yourself speed up.
You miss the black bear.
The black bear is moderately wounded.
The black bear bites you.
You die...
Xom cackles wildly!

##.............P.PPP♣
#..♣.♣.♣.♣..........P ....
.............<.[...♣ ...
#..##.#.###......♣ ##^###
#....†..###...###..
##≈.≈##.##.§....#.......##.
##..#≈###..g§..###.#........
#####...≈#.###h#### #.#...#.###
#..#.#♣§≈.≈###@# ###.#......##
....^_.._.)_..#♣#♣#♣.......#...#
###_^≈.††##........###.#.#.♣.♣
#.♣..._.###♣.♣.♣.#.......P.P
##_.#.♣## #.....#......#♣..
##.≈.# ♣.♣##......÷..♣.. ##.##
#..####...<...♣♣P #.# ##.#
#...)÷.#.## #.# #># #.##.#.#...


You could see a black bear and a hobgoblin.

Vanquished Creatures
  2 adders
  A shadow imp (D:2)
  2 worms (D:2)
  A giant gecko (D:1)
  A ball python (D:2)
  A giant cockroach (D:1)
  6 goblins
  5 hobgoblins
  4 jackals (D:1)
  4 kobolds
  4 bats
  A giant newt (D:1)
  2 rats
34 creatures vanquished.

Notes
Turn   | Place    | Note
--------------------------------------------------------------
     0 | D:1      | patman, the Mummy Chaos Knight, began the quest for the Orb.
     0 | D:1      | Reached XP level 1. HP: 18/18 MP: 1/1
   149 | D:1      | XOM: silly message
   165 | D:1      | XOM: harmless Trmt miscast
   220 | D:1      | Reached XP level 2. HP: 22/24 MP: 2/2
   440 | D:1      | XOM: noise
   477 | D:1      | Reached XP level 3. HP: 21/29 MP: 3/3
   672 | D:1      | XOM: mild Ice miscast
   704 | D:1      | XOM: silly message
   917 | D:2      | XOM: summons 1 hostile demon
   918 | D:2      | XOM: smoke on damage
   935 | D:2      | Found a shimmering altar of Xom.
   936 | D:2      | Found a shimmering altar of Xom.
   936 | D:2      | Found a shimmering altar of Xom.
   937 | D:2      | Found a shimmering altar of Xom.
   937 | D:2      | Found a shimmering altar of Xom.
   941 | D:2      | Found a shimmering altar of Xom.
  1011 | D:2      | Reached skill level 4 in Axes
  1017 | D:2      | XOM: chaos cloud
  1020 | D:2      | Paralysed by you for 7 turns
  1021 | D:2      | XOM: enchant monster (bad)
  1027 | D:2      | Noticed a black bear
  1027 | D:2      | a worm changed into a black bear
  1029 | D:2      | Slain by a black bear

Action                   || total
-------------------------++-------
Melee: Hand axe          ||   146
 Stab: Paralysed         ||     1
